 Dungeon Crawl Stone Soup version 0.31-a0-1009-g454b1f1e0a (webtiles) character file.

Game seed: 8851941415820028750

86 Malachi the Changeling (level 4, -2/22 HPs)
             Began as a Spriggan Shapeshifter on Nov 14, 2023.
             Killed from afar by an orc wizard (11 damage)
             ... with a puff of flame
             ... on level 3 of the Dungeon.
             The game lasted 00:03:06 (2330 turns).

Malachi the Changeling (Spriggan Shapeshifter)      Turns: 2330, Time: 00:03:06

Health: -2/22      AC:  9    Str: 10    XL:     4   Next: 26%
Magic:  5/5        EV: 18    Int: 11    God:
Gold:   114        SH:  0    Dex: 16    Spells: 3/3 levels left

rFire   . . .        f - +0 dagger (protect)
rCold   . . .        (no shield)
rNeg    . . .        a - +0 animal skin
rPois   .            (helmet currently unavailable)
rElec   .            (cloak currently unavailable)
rCorr   .            (gloves unavailable)
SInv    +            (boots unavailable)
Will    .....        (no amulet)
Stlth   ++           (no ring)
HPRegen 0.23/turn    (no ring)
MPRegen 0.09/turn

%: no passive effects
@: beast-form, under a protective aura, very quick
A: beast (slay +2), very small, no large weapons, unfitting armour, see
invisible, speed 3
a: Begin Untransformation


You were on level 3 of the Dungeon.
You were a hulking beast.
You visited 1 branch of the dungeon, and saw 3 of its levels.

You collected 114 gold pieces.

Inventory:

Hand Weapons
 e - a +0 dagger
 f - a +0 dagger of protection (weapon)
 g - a +1 dagger of speed
Missiles
 n - 8 boomerangs
Armour
 a - a +0 animal skin (worn)
 k - a +0 cloak
Jewellery
 j - a ring of ice
Talismans
 c - a beast talisman
 d - a flux talisman
Scrolls
 h - 4 scrolls of identify {unknown}
 l - a scroll of enchant weapon {unknown}
Potions
 b - 2 potions of lignification
 i - a potion of degeneration {unknown}
 m - a potion of curing {unknown}
 o - a potion of attraction {unknown}


   Skills:
 - Level 1.2 Fighting
 + Level 1.4 Short Blades
 + Level 3.8 Dodging
 + Level 2.1 Stealth
 - Level 2.6 Unarmed Combat
 + Level 4.7 Shapeshifting


You had 3 spell levels left.
You didn't know any spells.
Your spell library was empty.

Dungeon Overview and Level Annotations

Branches:
Dungeon (3/15)

Altars:


Innate Abilities, Weirdness & Mutations

You are a hulking beast.
Your limbs bulge with bestial killing power. (Slay +2)
You are very small and have problems with some larger weapons.
You are too small for most types of armour.
You have supernaturally acute eyesight. (SInv)
You cover ground extremely quickly. (Speed+++)


Message History

You easily resist.
You miss the orc wizard.
The orc wizard is moderately wounded.
The orc wizard hits you but does no damage.
You hit the orc wizard but do no damage.
The orc wizard is moderately wounded.
You barely miss the orc wizard.
The orc wizard is moderately wounded.
The orc wizard closely misses you.
You closely miss the orc wizard.
The orc wizard is moderately wounded.
The orc wizard hits you but does no damage.
You hit the orc wizard.
The orc wizard is heavily wounded.
The orc wizard hits you but does no damage.
You hit the orc wizard.
The orc wizard is heavily wounded.
The orc wizard closely misses you.
You barely miss the orc wizard.
The orc wizard is heavily wounded.
The orc wizard closely misses you.
You barely miss the orc wizard.
The orc wizard is heavily wounded.
The orc wizard closely misses you.
You hit the orc wizard.
The orc wizard is almost dead.
The orc wizard hits you but does no damage.
You hit the orc wizard but do no damage.
The orc wizard is almost dead.
The orc wizard misses you.
You closely miss the orc wizard.
The orc wizard is almost dead.
The orc wizard casts a spell at you. The puff of flame hits you.
You closely miss the orc wizard.
The orc wizard is almost dead.
The orc wizard points at you and mumbles some strange words.
The puff of flame hits you!
Ouch! That really hurt!
You die...

#######.###...##.###
....................
###...o....#.#......
#..........#......
#.......o..#......
#...........####.#
##......oo....o#.#
#.###########o#.#
#.# #h#.# .. #...#
#.. ###.# ###.### #
#.....## #. #.#....#
#.## # #.#.#[.#
#...## . #
#.#..###..... #.
#.#...##....# ..


You could see an orc wizard (invisible) and an orc.

Vanquished Creatures
  An adder (D:2)
  A worm (D:3)
  A dart slug (D:2)
  An orc (D:3)
  4 endoplasms
  3 giant cockroaches (D:1)
  7 goblins
  6 hobgoblins
  2 jackals (D:1)
  4 quokkas
  A ball python (D:1)
  2 bats
  2 frilled lizards (D:1)
  8 kobolds
  8 rats
51 creatures vanquished.

Vanquished Creatures (others)
  An orc wizard (D:3)
1 creature vanquished.

Grand Total: 52 creatures vanquished

Notes
Turn   | Place    | Note
-------+----------+-------------------------------------------
     0 | D:1      | Malachi the Spriggan Shapeshifter began the quest for the
                  | Orb.
     0 | D:1      | Reached XP level 1. HP: 9/9 MP: 2/2
    99 | D:1      | Reached skill level 1 in Fighting
   112 | D:1      | Reached XP level 2. HP: 7/14 MP: 3/3
  1103 | D:1      | Reached XP level 3. HP: 6/18 MP: 4/4
  1330 | D:2      | Reached skill level 1 in Stealth
  1345 | D:2      | Reached skill level 1 in Short Blades
  2240 | D:3      | Reached XP level 4. HP: 22/22 MP: 5/5
  2330 | D:3      | Killed from afar by an orc wizard

Illustrated notes

Levels and vault maps discovered:
D:1:      minmay_arrival_cross, layout_basic, minmay_misc_feat_rugged
D:2:      layout_loops_corners, minmay_bisected
D:3:      layout_basic, dilly_ecumenical_altar_fadedgnrine, uniq_natasha

Skill      XL: |  1  2  3  4 |
---------------+-------------+-----
Fighting       | 1 |  1.2
Dodging        | 3 |  3.8
Stealth        | 1 2 |  2.1
Short Blades   | 1 |  1.4
Unarmed Combat | |  2.6
Shapeshifting  | |  4.7

Action                     |  1- 3 |  4- 6 || total
---------------------------+-------+-------++-------
  Melee: Unarmed           |    47 |       ||    47
         Punch             |     3 |       ||     3
         Dagger            |    95 |    23 ||   118
   Stab: Sleeping          |     3 |       ||     3
 Armour: Animal skin       |    50 |    13 ||    63
  Dodge: Dodged            |    79 |    11 ||    90

Table legend: (Time is in decaauts)
 A = Elapsed time spent in this place.
 B = Non-inter-level travel time spent in this place.
 C = Inter-level travel time spent in this place.
 D = Time resting spent in this place.
 E = Time spent auto-exploring this place.
 F = Levels seen in this place.
 G = Mean time per level.
                   A        B        C        D        E       F      G
               +--------+--------+--------+--------+--------+-----+--------+
         Total |   1673 |   1592 |     81 |    386 |    863 |   3 |  557.7 |
       Dungeon |   1673 |   1592 |     81 |    386 |    863 |   3 |  557.7 |
               +--------+--------+--------+--------+--------+-----+--------+

Top non-repeatable levels by time:
     D:1: 968 daAuts
     D:2: 633 daAuts
     D:3: 70 daAuts
